 Dungeon Crawl Stone Soup version 0.31-a0-532-g28f74ba3e5 (webtiles) character file.

Game seed: 8208157515437744840

1596241 Monkooky the Wrestler (level 26, 179/179 HPs)
             Began as a Gargoyle Shapeshifter on Aug 11, 2023.
             Was a High Priest of Qazlal.
             Escaped with the Orb
             ... and 3 runes on Aug 12, 2023!
             The game lasted 03:18:31 (72607 turns).

Monkooky the Wrestler (Gargoyle Shapeshifter)      Turns: 72607, Time: 03:18:32

Health: 179/179    AC: 69    Str: 34    XL:     26   Next: 65%
Magic:  32/32      EV: 12    Int: 17    God:    Qazlal [*****.]
Gold:   5812       SH: 31    Dex: 15    Spells: 25/25 levels left

rFire   + +          +
                       - Unarmed
rCold   + + .        Y - +2 tower shield
rNeg    + . .        P - +11 gold dragon scales
rPois   ∞            (no helmet)
rElec   +            S - +1 cloak "Ofarops" {Dex+3}
rCorr   .            h - +3 pair of gloves of the Arcane {rF++ rC+ Int+3}
SInv    .            T - +2 pair of boots
Will    +....        M - amulet "Qapniam" {Faith Rampage rPois Int+4} Stlth
                     I - ring "Nutiupoo" {rC+ Str+8}
HPRegen 0.49/turn    O - +4 ring of protection
MPRegen 0.23/turn

%: repel missiles, rampage, faith
@: flying, hasted, studying 3 skills, very quick
A: sickness immunity, AC +20, big wings, negative energy resistance 1,
electricity resistance, torment resistance 1, petrification resistance, dopey 1,
fire resistance 1, low MP 1, evolution 1, cold vulnerability 1
0: Orb of Zot
}: 3/15 runes: decaying, silver, gossamer
a: Renounce Religion, Upheaval, Elemental Force, Disaster Area


You escaped.
You worshipped Qazlal.
Qazlal was extremely pleased with you.
You visited 10 branches of the dungeon, and saw 47 of its levels.
You visited 1 bazaar.
You also visited: Sewer, Ice Cave and Volcano.

You collected 8050 gold pieces.
You spent 2238 gold pieces at shops.

Inventory:

Missiles
 a - a throwing net
 A - 9 curare-tipped darts
Armour
 h - the +3 pair of gloves of the Arcane (worn) {rF++ rC+ Int+3}
   (You found it on level 5 of the Vaults)

   Int+3:     It affects your intelligence (+3).
   rF++:      It greatly protects you from fire.
   rC+:       It protects you from cold.
 D - a +2 helmet
 P - +11 gold dragon scales (worn)
 S - the +1 cloak "Ofarops" (worn) {Dex+3}
   (You bought it in a shop on level 3 of the Vaults)

   Dex+3:     It affects your dexterity (+3).
 T - a +2 pair of boots (worn)
 Y - a +2 tower shield (worn)
Jewellery
 y - the ring of Ruc Moro {rF+ rCorr MP+9 Int-2}
   (You found it on level 5 of the Dungeon)

   [ring of magical power]

   Int-2:     It affects your intelligence (-2).
   rF+:       It protects you from fire.
   MP+9:      It affects your magic capacity (+9).
   rCorr:     It protects you from acid and corrosion.
 I - the ring "Nutiupoo" (left hand) {rC+ Str+8}
   (You found it on level 5 of the Vaults)

   [ring of protection from cold]

   Str+8:     It affects your strength (+8).
   rC+:       It protects you from cold.
 M - the amulet "Qapniam" (around neck) {Faith Rampage rPois Int+4}
   (You found it on level 5 of the Vaults)

   [amulet of faith]

   Faith:     It allows you to gain divine favour quickly.
   Int+4:     It affects your intelligence (+4).
   rPois:     It protects you from poison Rampage: It bestows one free step when
   moving towards enemies.
 N - a ring of willpower
 O - a +4 ring of protection (right hand)
Wands
 b - a wand of flame (97) (quivered)
 g - a wand of quicksilver (4)
 i - a wand of charming (39)
 F - a wand of roots (5)
 Z - a wand of mindburst (21)
Scrolls
 j - 6 scrolls of vulnerability
 n - 5 scrolls of teleportation
 o - 3 scrolls of silence
 q - 12 scrolls of poison
 r - 16 scrolls of amnesia
 s - 2 scrolls of immolation
 t - 6 scrolls of enchant weapon
 u - 7 scrolls of blinking
 w - 3 scrolls of revelation
 K - 8 scrolls of fear
 L - 3 scrolls of fog
 Q - a scroll of brand weapon
Potions
 c - 3 potions of resistance
 f - 6 potions of haste
 m - 5 potions of ambrosia
 p - 4 potions of might
 v - 11 potions of curing
 x - 2 potions of invisibility
 z - 10 potions of enlightenment
 B - 3 potions of berserk rage
 C - 4 potions of mutation
 E - 9 potions of lignification
 H - 4 potions of attraction
 U - 6 potions of brilliance
 W - 5 potions of magic
 X - 2 potions of cancellation
Miscellaneous
 d - a phial of floods
 l - a sack of spiders
 J - a phantom mirror
 R - a tin of tremorstones (2/2)
 V - a lightning rod (4/4)


   Skills:
 - Level 22.0 Fighting
 - Level 20.3 Armour
 - Level 11.0 Dodging
 - Level 5.0 Stealth
 - Level 20.3 Shields
 + Level 23.8 Unarmed Combat
 - Level 18.0 Invocations
 - Level 10.0 Evocations
 - Level 6.0 Shapeshifting


You had 25 spell levels left.
You didn't know any spells.
Your spell library contained the following spells:

 Spells                   Type           Power      Damage    Failure   Level
 Apportation              Tloc           0%         N/A       95%         1
 Freeze                   Ice            0%         1d3       95%         1
 Kiss of Death            Conj/Necr      0%         2d5       95%         1
 Magic Dart               Conj           0%         1d3       95%         1
 Shock                    Conj/Air       0%         1d3       95%         1
 Slow                     Hex            0%         N/A       95%         1
 Blink                    Tloc           0%         N/A       98%         2
 Call Imp                 Summ           0%         N/A       98%         2
 Lesser Beckoning         Tloc           0%         N/A       98%         2
 Momentum Strike          Conj/Tloc      0%         3d8       98%         2
 Poisonous Vapours        Pois/Air       0%         N/A       98%         2
 Searing Ray              Conj           0%         2d4       98%         2
 Confusing Touch          Hex            0%         N/A       100%        3
 Frozen Ramparts          Ice            0%         1d1       100%        3
 Hailstorm                Conj/Ice       0%         3d3       100%        3
 Inner Flame              Hex/Fire       0%         N/A       100%        3
 Mephitic Cloud           Conj/Pois/Air  0%         N/A       100%        3
 Ozocubu's Armour         Ice            0%         N/A       100%        3
 Portal Projectile        Hex/Tloc       0%         N/A       100%        3
 Stone Arrow              Conj/Erth      0%         3d7       100%        3
 Swiftness                Air            0%         N/A       100%        3
 Vampiric Draining        Necr           0%         2d6       100%        3
 Airstrike                Air            0%         2d(0-16)  100%        4
 Anguish                  Hex/Necr       0%         N/A       100%        4
 Animate Armour           Summ/Erth      0%         N/A       100%        4
 Cause Fear               Hex            0%         N/A       100%        4
 Dispel Undead            Necr           0%         3d6       100%        4
 Fulminant Prism          Conj/Hex       0%         3d5       100%        4
 Manifold Assault         Tloc           0%         N/A       100%        4
 Olgreb's Toxic Radiance  Pois           0%         N/A       100%        4
 Petrify                  Tmut/Erth      0%         N/A       100%        4
 Summon Lightning Spire   Summ/Air       0%         N/A       100%        4
 Alistair's Intoxication  Tmut/Pois      0%         N/A       100%        5
 Borgnjor's Vile Clutch   Necr/Erth      0%         N/A       100%        5
 Freezing Cloud           Conj/Ice/Air   0%         6-21      100%        5
 Irradiate                Conj/Tmut      0%         3d11      100%        5
 Iskenderun's Battlesphe  Conj           0%         2d6       100%        5
 Metabolic Englaciation   Hex/Ice        0%         N/A       100%        5
 Summon Forest            Summ/Tloc      0%         N/A       100%        5
 Summon Mana Viper        Hex/Summ       0%         N/A       100%        5
 Yara's Violent Unravell  Hex/Tmut       0%         3d3       100%        5
 Conjure Ball Lightning   Conj/Air       0%         3x3d6     100%        6
 Eringya's Noxious Bog    Tmut/Pois      0%         4d6       100%        6
 Leda's Unmaking          Conj/Erth      0%         9d1       100%        6
 Simulacrum               Ice/Necr       0%         N/A       100%        6
 Enfeeble                 Hex            0%         N/A       100%        7
 Malign Gateway           Summ/Tloc      0%         N/A       100%        7
 Ozocubu's Refrigeration  Ice            0%         4d7       100%        7
 Spellforged Servitor     Conj/Summ      0%         N/A       100%        7
 Summon Hydra             Summ           0%         N/A       100%        7
 Discord                  Hex            0%         N/A       100%        8
 Disjunction              Tloc           0%         N/A       100%        8
 Lehudib's Crystal Spear  Conj/Erth      0%         10d2      100%        8
 Summon Horrible Things   Summ           0%         N/A       100%        8
 Sublimation of Blood     Necr           Unusable   N/A       N/A         2

Dungeon Overview and Level Annotations

Branches:
Dungeon (15/15)            Temple (0/1) D:7            Lair (5/5) D:8
  Swamp (4/4) Lair:3       Spider (4/4) Lair:2        Slime (0/5) Lair:5
    Orc (2/2) D:9             Elf (1/3) Orc:2        Vaults (5/5) D:14
  Crypt (2/3) Vaults:3     Depths (4/4) D:15            Zot (5/5) Depths:4
  Sewer (visited)           IceCv (visited)         Volcano (visited)

Altars:
Cheibriados
Dithmenos
Gozag
Kikubaaqudgha
Makhleb
Qazlal
Ru
Uskayaw
Xom
Yredelemnul
Zin
The Shining One

Shops:
D:2 (![   D:4 *   D:5 *(   Orc:2 (:[*   Vaults:1 [**   Vaults:3 [(*
Vaults:4 [

Portals:
Hell: Depths:1 Depths:2 Depths:3 Depths:4
Abyss: Lair:5 Depths:3
Pandemonium: Depths:1 Depths:2
Ziggurat: Depths:1
Trove: D:12 (give +4 ice dragon scales)

Annotations:
D:5 exclusion: downstairs
D:8 2 transporters
Lair:3 1 runed translucent door
Lair:5 2 transporters, justen's ghost, journeyman DsSh
Swamp:3 exclusion: 2 oklob plants
Spider:1 exclusion: downstairs
Depths:1 3 runed translucent doors
Zot:5 exclusion: orange crystal statue


Innate Abilities, Weirdness & Mutations

You are immune to sickness and miasma.
Your stone body is resilient. (AC +20)
You are immune to poison.
Your large and strong wings let you fly.
You resist negative energy. (rN+)
You are resistant to electric shocks. (rElec)
You are resistant to unholy torment.
You are immune to petrification.
You are dopey. (Int -2)
Your flesh is heat resistant. (rF+)
Your magical capacity is low. (-10% MP)
You have hidden genetic potential.
You are vulnerable to cold. (rC-)


Message History

You see here a +0 dagger.
There is a stone staircase leading up here.
You fly upwards.
There is a stone staircase leading down here.
HP restored.
There is a stone staircase leading up here.
You fly upwards.
There is a stone staircase leading down here.
There is a stone staircase leading up here.
You fly upwards.
Level annotation: exclusion: downstairs
There is a stone staircase leading down here.
There is a stone staircase leading up here.
You fly upwards.
There is a stone staircase leading down here.
There is a stone staircase leading up here.
You fly upwards.
There is a stone staircase leading down here.
There is a stone staircase leading up here.
You fly upwards.
There is a stone staircase leading down here.
There is a stone staircase leading up here.
You fly upwards.
There is a stone staircase leading down here.
Okay, then.
You feel yourself speed up.
You see here a +0 hand axe.
A Qast and a reaper come into view.
The reaper is wielding a +1 scythe of venom.
Blink to where?
Press: ? - help, Dir - move target
As you read the scroll of blinking, it crumbles to dust.
Qast moves out of view.
The reaper moves out of view.
Blink to where?
Press: ? - help, Dir - move target
As you read the scroll of blinking, it crumbles to dust.
Blink to where?
Press: ? - help, Dir - move target
As you read the scroll of blinking, it crumbles to dust.
You have escaped!

#. #† #######
#...... #.##.#.
#.##.#. #.##...
##### #.##.#. #.@.##
#...... ###...##
####... #>##...#
#.## #~.#...## #.#
#~.##...# ####.##
#≈~.#...######......
#≈≈~##..°#..§..##.##
#≈≈~~'.§.'.##..##.#.
#≈~~##...####..##...


There were no monsters in sight!

Vanquished Creatures
  2 dread liches (Zot:5)
  3 ancient liches (Zot:5)
  5 orbs of fire
  Mennas (Depths:4)
  Parghit (Depths:4)
  8 Killer Klowns
  A curse toe (Zot:3)
  Saint Roka (Orc:2)
  A caustic shrike (Depths:4)
  6 golden dragons
  the Enchantress (Depths:4)
  Jory (Crypt:2)
  Arachne (Spider:2)
  3 electric golems
  An Ice Fiend (D:10)
  16 tentacled monstrosities
  A lich (Vaults:5)
  4 titans (Vaults:5)
  A walking frostbound tome (Depths:2)
  8 Orb Guardians
  3 quicksilver dragons
  2 death cobs
  3 thorn hunters (Swamp:3)
  5 sphinxes
  9 shadow dragons
  The ghost of Ofeo the Warrior, an adept DsSh of Hepliaklqana (Swamp:3)
  Kirke (D:15)
  A revenant (Crypt:1)
  The ghost of Jase the Grappler, a journeyman TrSh of Wu Jian (Swamp:3)
  7 storm dragons
  11 fire giants
  6 tengu reavers
  8 draconian monks
  3 draconian knights
  4 ghost moths
  2 iron dragons (Vaults:5)
  7 frost giants
  5 draconian scorchers
  3 emperor scorpions (Spider:4)
  A deep elf sorcerer (Vaults:5)
  27 ironbound preservers
  A curse skull (Crypt:1)
  10 ghouls
  15 vault wardens
  4 draconian stormcallers
  An angel (Zot:3)
  5 draconian shifters
  2 orc warlords
  2 broodmothers
  5 draconian annihilators
  4 war gargoyles
  4 spriggan defenders (Depths:4)
  5 ironbound thunderhulks
  8 very ugly things
  12 stone giants
  3 vampire knights
  4 black draconians
  2 formless jellyfish (Vaults:2)
  2 deep elf demonologists
  Nessos (D:12)
  3 deep elf annihilators
  A spectral titan (Crypt:2)
  7 white draconians
  3 bunyips
  6 yellow draconians
  4 eleionomae
  5 green draconians
  16 dire elephants
  A juggernaut skeleton (Depths:1)
  12 spark wasps
  7 purple draconians
  8 red draconians
  2 eidola (Crypt:2)
  2 deep elf death magi
  12 ettins
  A spectral elf (Crypt:2)
  5 fire dragons
  Josephine (D:15)
  20 yaktaur captains
  4 shambling mangroves
  3 entropy weavers
  3 spectral spriggans (Crypt:2)
  2 deep elf high priests (Vaults:5)
  9 jiangshi
  11 rakshasas (Depths:2)
  6 ice dragons
  29 vault guards
  12 great orbs of eyes
  24 hydras
  5 hell beasts (Crypt:2)
  A juggernaut simulacrum (Depths:1)
  A quicksilver dragon skeleton (Vaults:3)
  2 radroaches
  7 spriggan air magi
  A peacekeeper (Vaults:2)
  2 ogre magi (Vaults:5)
  14 ironbound frosthearts
  3 ghost crabs
  2 catoblepae (D:15)
  An Orb Guardian skeleton (Crypt:2)
  A jorogumo (Spider:1)
  28 centaur warriors
  A death knight (Crypt:1)
  9 boulder beetles
  9 deep troll earth magi
  9 two-headed ogres
  5 death yaks
  3 alligators
  8 deep troll shamans
  4 dancing weapons (Elf:1)
  11 spriggan berserkers
  A death scarab (Spider:3)
  9 tengu warriors
  9 vampire magi
  2 spectral nagas (Crypt:2)
  A titan zombie (Crypt:2)
  6 demonic crawlers
  4 orc high priests (Orc:2)
  Nergalle (Lair:2)
  2 deep elf knights
  11 skeletal warriors
  3 soul eaters
  2 bunyip zombies (Crypt:2)
  7 iron trolls
  A sixfirhy (D:13)
  16 hell knights
  A spectral death yak (Lair:5)
  A spectral bunyip (Crypt:2)
  A titan skeleton (Crypt:2)
  A fire crab (shapeshifter) (Depths:4)
  A salamander mystic (Volcano)
  2 glowing orange brains
  5 pharaoh ants
  3 shadow wraiths
  46 deep trolls
  8 bog bodies
  A spectral anaconda (Lair:5)
  5 sun moths
  A deep elf archer (Spider:4)
  12 swamp dragons
  3 spriggan simulacra (Crypt:2)
  2 lindwurms (Vaults:2)
  An obsidian statue (Lair:5)
  6 goliath frogs
  A spriggan druid (Swamp:1)
  5 flayed ghosts
  12 orb spiders
  8 wizards
  6 harpies
  8 necromancers
  11 steelbarb worms
  9 deep elf pyromancers
  13 phantasmal warriors
  9 orc knights
  7 deep elf zephyrmancers (Elf:1)
  15 wolf spiders
  A mana viper (shapeshifter) (Vaults:5)
  35 ugly things
  3 manticores
  18 ironbound convokers
  6 orc sorcerers (Orc:2)
  A tengu skeleton (Vaults:3)
  A fire giant zombie (Depths:1)
  2 will-o-the-wisps
  11 cyclopes
  25 elephants
  A spectral centaur (Crypt:2)
  A frost giant skeleton (Vaults:3)
  A rust devil (D:13)
  23 moths of wrath
  A human skeleton (Vaults:3)
  An ice statue (IceCv)
  Joseph (D:8)
  4 black mambas
  4 salamanders (Volcano)
  4 torpor snails
  20 vault sentinels
  Maurice (D:11)
  A cane toad (shapeshifter) (D:13)
  A torpor snail (shapeshifter) (Vaults:3)
  3 orange demons (D:13)
  2 dire elephant skeletons (Lair:5)
  Maggie (D:8)
  14 cane toads
  4 gargoyles
  A kobold demonologist (D:10)
  An iron troll zombie (Crypt:1)
  7 komodo dragons
  11 rime drakes
  A yaktaur (shapeshifter) (D:13)
  39 yaktaurs
  Psyche (D:9)
  A spriggan zombie (Depths:1)
  4 ice devils
  11 freezing wraiths
  An unseen horror (D:10)
  3 efreet
  A queen bee (Spider:4)
  2 yaktaur skeletons (Vaults:3)
  A red devil (D:13)
  A spectral harpy (Crypt:2)
  A black draconian skeleton (Crypt:1)
  A white draconian skeleton (Crypt:1)
  3 tengu conjurers
  A meliai (shapeshifter) (D:9)
  10 trolls
  A hellwing (D:13)
  A spriggan skeleton (Depths:1)
  9 meliai
  7 polar bears
  Grinder (D:6)
  Prince Ribbit (D:5)
  12 hornets
  2 bloated husks
  A wind drake (shapeshifter) (D:14)
  5 tyrant leeches
  A raiju (shapeshifter) (Vaults:5)
  A spectral elephant (Lair:5)
  20 tarantellas
  A spectral black mamba (Crypt:2)
  An ice dragon zombie (Crypt:2)
  21 slime creatures
  29 jumping spiders
  12 dream sheep
  A blink frog (shapeshifter) (Vaults:4)
  16 blink frogs
  3 vampires
  A culicivora (shapeshifter) (D:14)
  13 spriggans
  2 flying skulls (Crypt:2)
  A shadow (D:10)
  2 centaur simulacra
  An air elemental (Elf:1)
  A satyr skeleton (Crypt:2)
  A ynoxinul (Zot:1)
  19 culicivoras
  6 water elementals (Depths:3)
  8 wraiths
  A dire elephant simulacrum (Lair:5)
  A yak (shapeshifter) (D:15)
  2 wyverns
  19 humans
  2 fire bats (Volcano)
  37 yaks
  A hog (D:15)
  7 basilisks
  A steam dragon (Lair:2)
  28 redbacks
  3 chaos spawn
  2 elf skeletons (Vaults:3)
  A death yak simulacrum (Lair:5)
  2 wargs (Orc:2)
  18 vampire mosquitoes
  18 swamp worms
  A spectral cane toad (Lair:5)
  3 acid dragons
  A floating eye (shapeshifter) (Vaults:5)
  A hell hound (Spider:4)
  23 water moccasins
  A floating eye (Depths:4)
  36 orc warriors
  A black bear (D:6)
  6 swamp drakes
  2 sky beasts
  A demonspawn skeleton (Crypt:1)
  12 wolves
  8 ogres
  11 centaurs
  3 elephant skeletons
  6 kobold brigands
  A hog skeleton (Crypt:2)
  Blork the orc (D:4)
  11 bullfrogs
  10 necrophages
  2 cane toad simulacra (Lair:5)
  3 gnoll sergeants
  9 wights
  4 elephant simulacra (Lair:5)
  A polar bear zombie (Crypt:1)
  31 killer bees
  2 electric eels
  6 howler monkeys
  A raiju skeleton (Crypt:2)
  A troll skeleton (Crypt:1)
  6 lava snakes (Volcano)
  A centaur zombie (Crypt:2)
  8 hounds
  26 orc priests
  2 gnoll boudas
  2 iguanas
  27 orc wizards
  4 hell rats (Lair:2)
  6 yak simulacra (D:9)
  2 polar bear simulacra (D:9)
  2 wolf simulacra (D:9)
  A howler monkey zombie (Crypt:2)
  21 gnolls
  A river rat (D:3)
  A swamp drake zombie (Crypt:1)
  12 adders
  3 shadow imps
  3 white imps
  An ufetubus (D:7)
  A lava snake skeleton (Crypt:2)
  2 worms
  5 dart slugs
  66 orcs
  3 bats
  A bat zombie (D:5)
  9 endoplasms
  10 giant cockroaches
  8 goblins
  11 hobgoblins
  3 jackals (D:4)
  12 kobolds
  7 quokkas (Sewer)
  11 ball pythons
  A dart slug zombie (Crypt:2)
  20 frilled lizards
  2 rats
  3 rat zombies (D:5)
  A river rat simulacrum (D:9)
2032 creatures vanquished.

Vanquished Creatures (collateral kills)
  A tentacled monstrosity (Zot:5)
  A titan (Vaults:5)
  A storm dragon (Zot:5)
  A draconian monk (Zot:1)
  A draconian scorcher (Zot:1)
  A draconian stormcaller (Zot:1)
  A vault warden (Vaults:5)
  2 draconian shifters
  A very ugly thing (Depths:4)
  A draconian annihilator (Zot:1)
  A green draconian (Zot:1)
  A black draconian (Zot:1)
  2 white draconians
  A bunyip (Swamp:4)
  2 yellow draconians (Zot:1)
  A purple draconian (Zot:1)
  2 hydras
  A bog body (Swamp:4)
  A swamp dragon (Swamp:4)
  A wolf spider (Spider:1)
  2 elephants (Lair:5)
  A dire elephant skeleton (Lair:5)
  A polar bear (IceCv)
  A yak (IceCv)
  A redback (Spider:1)
  3 wolves (IceCv)
  An elephant simulacrum (Lair:5)
34 creatures vanquished.

Vanquished Creatures (others)
  2 draconian monks (Zot:2)
  A fire giant (Vaults:5)
  A vault warden (Vaults:1)
  A red draconian (Zot:5)
  An ettin (Vaults:5)
  A goliath frog (Swamp:1)
  A swamp dragon (Swamp:4)
  2 deep elf zephyrmancers (Elf:1)
  A will-o-the-wisp (Swamp:4)
  3 bloated husks
  A killer bee (Spider:4)
  4 orc wizards
  4 foxfires (Swamp:4)
23 creatures vanquished.

Grand Total: 2089 creatures vanquished

Notes
Turn   | Place    | Note
-------+----------+-------------------------------------------
     0 | D:1      | Monkooky the Gargoyle Shapeshifter began the quest for the
                  | Orb.
     0 | D:1      | Reached XP level 1. HP: 12/12 MP: 1/1
   187 | D:1      | Reached XP level 2. HP: 16/16 MP: 2/2
   677 | D:2      | Found Gucihukk's Armour Boutique.
   728 | D:2      | Reached XP level 3. HP: 18/20 MP: 3/3
   744 | D:2      | Found Riekkuowk's Distillery.
   932 | D:2      | Found a faded altar of an unknown god.
   965 | D:2      | Prayed at the altar of an unknown god.
   965 | D:2      | Became a worshipper of Qazlal Stormbringer
   965 | D:2      | Reached * piety under Qazlal
  1089 | D:2      | Got the Lectures on the Geodesic
  1243 | D:2      | Bought a potion of might for 44 gold pieces
  1291 | D:2      | Found Qisi's Weapon Shoppe.
  1532 | D:3      | Reached XP level 4. HP: 21/25 MP: 4/4
  1653 | D:3      | Reached XP level 5. HP: 16/30 MP: 5/5
  1653 | D:3      | Reached ** piety under Qazlal
  1722 | D:3      | Reached skill level 1 in Armour
  1725 | D:3      | Found a glowing drain.
  1730 | Sewer    | Entered a sewer
  2018 | Sewer    | Reached XP level 6. HP: 28/37 MP: 6/6
  2023 | Sewer    | Reached *** piety under Qazlal
  2757 | D:2      | Bought a potion of heal wounds for 55 gold pieces
  2803 | D:4      | Reached skill level 4 in Unarmed Combat
  2815 | D:4      | Noticed Blork the orc
  2835 | D:4      | Killed Blork the orc
  2836 | D:4      | Reached XP level 7. HP: 36/44 MP: 7/7
  2940 | D:4      | Reached skill level 5 in Fighting
  3017 | D:4      | Found a shadowy altar of Dithmenos.
  3329 | D:4      | Found Udoitzye's Mass Market.
  3536 | D:4      | Found a stormy altar of Qazlal.
  3605 | D:2      | Bought a potion of berserk rage for 55 gold pieces
  3605 | D:2      | Bought a potion of mutation for 88 gold pieces
  3668 | D:5      | Entered Level 5 of the Dungeon
  3687 | D:5      | Found the +18 Lear's hauberk
  3691 | D:5      | Identified the ring of Ruc Moro {rF+ rCorr MP+9 Int-2}
  3777 | D:5      | Found Iwoutu's Weapon Shoppe.
  3901 | D:5      | Found a sacrificial altar of Ru.
  3970 | D:5      | Found Hikhuoh's Assorted Antiques.
  4091 | D:5      | Bought a short bone wand for 92 gold pieces
  4197 | D:5      | Noticed a +0 spear
  4197 | D:5      | Noticed a +0 falchion
  4198 | D:5      | Noticed a +0 dagger
  4199 | D:5      | Noticed a +0 spear
  4199 | D:5      | Noticed a +0 short sword
  4199 | D:5      | Noticed a +0 short sword
  4200 | D:5      | Noticed a +0 dagger
  4200 | D:5      | Noticed a +0 falchion
  4206 | D:5      | Found a hide-covered altar of Uskayaw.
  4214 | D:5      | Reached XP level 8. HP: 41/49 MP: 8/8
  4287 | D:5      | Reached **** piety under Qazlal
  4306 | D:5      | Found an ancient bone altar of Kikubaaqudgha.
  4354 | D:6      | Noticed Prince Ribbit
  4376 | D:5      | Killed Prince Ribbit
  4377 | D:5      | Reached skill level 5 in Shapeshifting
  4476 | D:6      | Noticed Grinder
  4489 | D:6      | Killed Grinder
  4601 | D:6      | Reached skill level 5 in Unarmed Combat
  4817 | D:6      | Reached XP level 9. HP: 53/55 MP: 9/9
  4924 | D:6      | You fall into a shaft and drop 1 floor!
  4924 | D:7      | Found an opulent altar of Gozag.
  4968 | D:7      | Noticed a hornet
  4980 | D:7      | Killed a hornet
  4981 | D:7      | Reached skill level 6 in Unarmed Combat
  5104 | D:7      | Found a staircase to the Ecumenical Temple.
  5699 | D:8      | Found a transporter.
  5706 | D:8      | Found a transporter.
  5706 | D:8      | Noticed a boulder beetle
  6089 | D:8      | Reached skill level 7 in Unarmed Combat
  6103 | D:8      | Reached ***** piety under Qazlal
  6144 | D:8      | Reached skill level 5 in Armour
  6161 | D:8      | Found a basalt altar of Yredelemnul.
  6173 | D:8      | Noticed Maggie
  6190 | D:8      | Killed Maggie
  6226 | D:8      | Reached XP level 10. HP: 63/64 MP: 12/12
  6406 | D:8      | Noticed Joseph
  6420 | D:8      | Killed Joseph
  6421 | D:8      | Reached skill level 5 in Invocations
  6882 | D:8      | Found a staircase to the Lair.
  7217 | D:9      | Noticed a red ugly thing
  7245 | D:9      | Killed a white ugly thing
  7440 | D:9      | Reached XP level 11. HP: 64/68 MP: 18/18
  7475 | D:9      | Found a burning altar of Makhleb.
  7477 | D:9      | Found a glowing silver altar of Zin.
  7477 | D:9      | Noticed an angel
  7478 | D:9      | Noticed a green death
  7671 | D:9      | Reached skill level 5 in Evocations
  7696 | D:9      | Found a staircase to the Orcish Mines.
  7872 | D:2      | Bought a potion of invisibility for 88 gold pieces
  7872 | D:2      | Bought a potion of enlightenment for 55 gold pieces
  7872 | D:2      | Bought a potion of might for 44 gold pieces
  8176 | D:9      | Noticed a necromancer
  8185 | D:9      | Killed a necromancer
  8278 | D:9      | Noticed a cyclops
  8307 | D:9      | Killed a cyclops
  8395 | D:9      | Noticed Psyche
  8500 | D:9      | Killed Psyche
  8753 | Lair:1   | Entered Level 1 of the Lair of Beasts
  8823 | Lair:1   | Reached skill level 8 in Unarmed Combat
  8830 | Lair:1   | Reached XP level 12. HP: 38/77 MP: 19/19
  9070 | Lair:1   | Identified the +5 whip of the Whale {protect, rPois Will+
                  | rCorr}
  9115 | Lair:1   | Reached skill level 10 in Fighting
  9971 | Lair:2   | Noticed Nergalle
  9982 | Lair:2   | Killed Nergalle
  9982 | Lair:2   | Noticed a five-headed hydra
  9994 | Lair:2   | Killed a five-headed hydra
 10212 | Lair:2   | Found a hole to the Spider Nest.
 10253 | Lair:2   | Reached skill level 10 in Invocations
 10481 | Lair:2   | Reached skill level 9 in Unarmed Combat
 11568 | Lair:3   | Reached ****** piety under Qazlal
 11581 | Lair:3   | Reached XP level 13. HP: 77/84 MP: 21/21
 12008 | Lair:3   | Found a runed translucent door.
 12067 | Lair:3   | Found a staircase to the Swamp.
 12109 | Lair:3   | Noticed a tentacled starspawn
 12364 | Lair:4   | Reached skill level 10 in Unarmed Combat
 12459 | Lair:4   | Found a dark tunnel.
 12467 | Volcano  | Entered a volcano
 12771 | Volcano  | Found a burning altar of Makhleb.
 12970 | Volcano  | Noticed a red draconian
 12991 | Volcano  | Killed a red draconian
 13913 | Lair:5   | Entered Level 5 of the Lair of Beasts
 13913 | Lair:5   | Found a staircase to the Slime Pits.
 14037 | Lair:5   | Gained mutation: Your large and strong wings let you fly.
                  | [Gargoyle growth]
 14037 | Lair:5   | Reached XP level 14. HP: 84/92 MP: 24/24
 14037 | Lair:5   | Reached skill level 12 in Unarmed Combat
 14037 | Lair:5   | Reached XP level 15. HP: 88/97 MP: 25/25
 14201 | Lair:5   | Reached skill level 13 in Unarmed Combat
 14354 | Lair:5   | Found a transporter.
 14462 | Lair:5   | Noticed justen's ghost (journeyman DsSh)
 14524 | Lair:5   | Found a one-way gate to the infinite horrors of the Abyss.
 14525 | Lair:5   | Found a transporter.
 14851 | Lair:5   | Identified the +5 quarterstaff "Widax" {flame, +Blink Str-5
                  | Stlth+}
 15336 | Lair:5   | Reached skill level 14 in Unarmed Combat
 15692 | Lair:5   | Reached skill level 15 in Unarmed Combat
 15986 | Lair:5   | Identified the ring "Lovyifuk" {rN+ Int+2}
 16245 | D:10     | Entered Level 10 of the Dungeon
 17358 | D:11     | Noticed Maurice
 17360 | D:11     | Reached skill level 16 in Unarmed Combat
 17365 | D:11     | Killed Maurice
 17461 | D:11     | Identified the +2 leather armour of Freedom {Regen+}
 17756 | D:12     | Found a portal to a secret trove of treasure.
 17789 | D:12     | Found a frozen archway.
 17849 | IceCv    | Entered an ice cave
 18084 | IceCv    | Noticed a frost giant
 18094 | IceCv    | Killed a frost giant
 18162 | IceCv    | Reached XP level 16. HP: 94/103 MP: 26/26
 18464 | IceCv    | Reached skill level 5 in Dodging
 18872 | D:12     | Noticed Nessos
 18877 | D:12     | Killed Nessos
 19270 | Orc:1    | Entered Level 1 of the Orcish Mines
 19379 | Orc:2    | Entered Level 2 of the Orcish Mines
 19380 | Orc:2    | Noticed Saint Roka
 19405 | Orc:2    | Killed Saint Roka
 19682 | Orc:2    | Found a staircase to the Elven Halls.
 20532 | Orc:2    | Reached skill level 10 in Armour
 20991 | Orc:2    | Found Eguukub's General Store.
 20992 | Orc:2    | Found Hamosoc's Book Shop.
 20994 | Orc:2    | Found Maphobba's Antique Armour Shop.
 20994 | Orc:2    | Found Hoptytz's Antique Weapon Boutique.
 21390 | D:13     | Identified the +6 flail "Cezehirph" {freeze, Str+3 Int+2
                  | Stlth+}
 21396 | D:13     | Identified the +1 war axe of Dithmenos's Generosity {flame,
                  | Contam Str+3 Stlth+}
 21396 | D:13     | Noticed a storm dragon
 21411 | D:13     | Killed a storm dragon
 21414 | D:13     | Reached skill level 15 in Fighting
 21734 | D:13     | Reached XP level 17. HP: 112/113 MP: 27/27
 21853 | D:13     | Reached skill level 1 in Shields
 22601 | D:14     | Found a gate to the Vaults.
 22604 | D:14     | Reached skill level 5 in Shields
 22724 | D:14     | Found a glowing golden altar of the Shining One.
 23835 | Swamp:1  | Entered Level 1 of the Swamp
 26071 | Swamp:3  | Found a runed translucent gate.
 26072 | Swamp:3  | Found a runed translucent gate.
 26072 | Swamp:3  | Found a runed translucent gate.
 26073 | Swamp:3  | Noticed Ofeo's ghost (adept DsSh)
 26073 | Swamp:3  | Noticed Jase's ghost (journeyman TrSh)
 26102 | Swamp:3  | Reached skill level 17 in Unarmed Combat
 26988 | Swamp:3  | Killed Jase's ghost
 27097 | Swamp:3  | Killed Ofeo's ghost
 27259 | Swamp:4  | Entered Level 4 of the Swamp
 27338 | Swamp:4  | Reached skill level 1 in Stealth
 27353 | Swamp:4  | Reached XP level 18. HP: 109/120 MP: 28/28
 27421 | Swamp:4  | Noticed a tentacled monstrosity
 27448 | Swamp:4  | Killed a tentacled monstrosity
 27461 | Swamp:4  | Reached skill level 5 in Stealth
 27718 | Swamp:4  | Reached skill level 15 in Invocations
 28388 | Swamp:4  | Got a decaying rune of Zot
 28702 | Spider:1 | Entered Level 1 of the Spider Nest
 29623 | Spider:2 | Reached skill level 10 in Shields
 29996 | Spider:2 | Noticed Arachne
 30165 | Spider:2 | Killed Arachne
 30166 | Spider:2 | Reached XP level 19. HP: 87/125 MP: 31/31
 31441 | Spider:3 | Identified the +1 robe of Vac Caod {Stlth+}
 31673 | Spider:4 | Entered Level 4 of the Spider Nest
 33400 | Spider:4 | Got a gossamer rune of Zot
 33877 | Elf:1    | Entered Level 1 of the Elven Halls
 33894 | Elf:1    | Paralysed by an air elemental for 1 turns
 34456 | D:15     | Entered Level 15 of the Dungeon
 34649 | D:15     | Noticed Josephine
 34661 | D:15     | Killed Josephine
 34840 | D:15     | Noticed Kirke
 34849 | D:15     | Killed Kirke
 34989 | D:15     | Reached skill level 10 in Evocations
 35046 | D:15     | Found a staircase to the Depths.
 35131 | D:15     | Reached XP level 20. HP: 133/133 MP: 32/32
 35494 | Vaults:1 | Entered Level 1 of the Vaults
 36416 | Vaults:1 | Reached skill level 18 in Unarmed Combat
 36602 | Vaults:1 | Found Gozag's Antique Armour Boutique.
 36613 | Vaults:1 | Found Gozag's Assorted Antiques.
 36685 | Vaults:1 | Found an opulent altar of Gozag.
 36685 | Vaults:1 | Found Gozag's Assorted Antiques.
 36819 | Vaults:1 | Reached skill level 19 in Unarmed Combat
 38382 | Vaults:2 | Reached XP level 21. HP: 97/138 MP: 34/34
 38509 | Vaults:2 | Got Kauzyul's Disquisition on the Gestalt and Conduction
 39779 | Vaults:3 | Found Gavadar's Assorted Antiques.
 39787 | Vaults:3 | Bought a sack of spiders for 960 gold pieces
 39846 | Vaults:3 | Found Heuhiam's Antique Weapon Boutique.
 40522 | Vaults:3 | Found Disum's Antique Armour Emporium.
 40549 | Vaults:3 | Reached skill level 15 in Armour
 40567 | Vaults:3 | Bought a smoking cloak for 247 gold pieces
 40567 | Vaults:3 | Identified the +1 cloak "Ofarops" {Dex+3} (You bought it in
                  | a shop on level 3 of the Vaults)
 41257 | Vaults:3 | Found a staircase to the Crypt.
 42550 | Vaults:4 | Identified a scroll of acquirement
 42558 | Vaults:4 | Acquired the dreamshard necklace {Acrobat *Dream}
 42558 | Vaults:4 | Found the dreamshard necklace {Acrobat *Dream}
 42633 | Vaults:4 | Reached XP level 22. HP: 140/146 MP: 35/35
 42931 | Vaults:4 | Found Weri Jio's Armour Shoppe.
 43200 | Crypt:1  | Entered Level 1 of the Crypt
 44592 | Crypt:2  | Reached skill level 10 in Dodging
 44602 | Crypt:2  | Reached skill level 15 in Shields
 44971 | Crypt:2  | Noticed Jory
 44998 | Crypt:2  | Killed Jory
 45521 | Crypt:2  | Found a basalt altar of Yredelemnul.
 45535 | Crypt:2  | Got the Exposition on Hexes and the Cure
 45543 | Crypt:2  | Identified the staff "Qabourus" {Fragile rPois rN+ Int+8
                  | Necro}
 45668 | Crypt:2  | Paralysed by a vampire knight for 4 turns
 46379 | Vaults:5 | Entered Level 5 of the Vaults
 46691 | Vaults:5 | Reached XP level 23. HP: 153/153 MP: 36/36
 46719 | Vaults:5 | Identified the +6 plate armour of Tempters {Int+5}
 46770 | Vaults:5 | Identified the +6 scimitar "Muchiah" {flame, Int+3 Dex-2
                  | Stlth+}
 46795 | Vaults:5 | Noticed a golden dragon
 46820 | Vaults:5 | Paralysed by a sphinx for 2 turns
 46861 | Vaults:5 | Reached skill level 20 in Unarmed Combat
 46968 | Vaults:5 | Identified the ring "Nutiupoo" {rC+ Str+8}
 47229 | Vaults:5 | Killed a golden dragon
 48065 | Vaults:5 | Identified the +3 pair of gloves of the Arcane {rF++ rC+
                  | Int+3}
 48092 | Vaults:5 | Got a silver rune of Zot
 48114 | Vaults:5 | Identified the amulet "Qapniam" {Faith Rampage rPois Int+4}
 48244 | Vaults:5 | Identified the +7 morningstar of the Imperium {heavy, Int+2
                  | Stlth+}
 48736 | Vaults:5 | Upgraded the game from 0.31-a0-523-g071a6c1ffa to
                  | 0.31-a0-532-g28f74ba3e5
 49131 | Depths:1 | Entered Level 1 of the Depths
 49842 | Depths:1 | Found a one-way gate leading to the halls of Pandemonium.
 49929 | Depths:1 | Found a shimmering altar of Xom.
 50140 | Depths:1 | Found a gateway to Hell.
 50177 | Depths:1 | Found a runed translucent gate.
 50177 | Depths:1 | Found a runed translucent gate.
 50178 | Depths:1 | Found a runed translucent gate.
 50242 | Depths:1 | Found a one-way gateway to a ziggurat.
 50298 | Depths:1 | Found a snail-covered altar of Cheibriados.
 50406 | Depths:2 | Reached XP level 24. HP: 158/161 MP: 36/36
 50865 | Depths:2 | Reached skill level 21 in Unarmed Combat
 51777 | Depths:3 | Reached skill level 22 in Unarmed Combat
 51930 | Depths:3 | Found a flickering gateway to a bazaar.
 51941 | Bazaar   | Entered a bazaar
 51941 | Bazaar   | Found Xous's Weapon Boutique.
 51943 | Bazaar   | Found Fonnid Giry's General Store.
 51952 | Bazaar   | Bought a scroll of blinking for 97 gold pieces
 51952 | Bazaar   | Found Unuetoll's Antique Weapon Shop.
 51966 | Bazaar   | Found Soqekh's Weapon Shoppe.
 51975 | Bazaar   | Found Odacw's Jewellery Emporium.
 52010 | Bazaar   | Bought a potion of curing for 39 gold pieces
 52010 | Bazaar   | Bought a potion of cancellation for 104 gold pieces
 52010 | Bazaar   | Bought a wand of roots (7) for 218 gold pieces
 52010 | Bazaar   | Bought a scroll of poison for 52 gold pieces
 52686 | Depths:4 | Entered Level 4 of the Depths
 52693 | Depths:4 | Noticed Parghit
 52736 | Depths:4 | Killed Parghit
 52807 | Depths:4 | Noticed Mennas
 52821 | Depths:4 | Reached skill level 23 in Unarmed Combat
 53017 | Depths:4 | Noticed the Enchantress
 53034 | Depths:4 | Killed the Enchantress
 53437 | Depths:4 | Reached XP level 25. HP: 120/168 MP: 36/36
 53946 | Depths:4 | Killed Mennas
 54206 | Depths:4 | Found a gate to the Realm of Zot.
 55263 | Zot:1    | Entered Level 1 of the Realm of Zot
 55949 | Zot:2    | Noticed an orb of fire
 55965 | Zot:2    | Killed an orb of fire
 55979 | Zot:2    | Noticed an orb of fire
 55980 | Zot:2    | Gained mutation: Armour fits poorly on your strangely
                  | shaped body. [an orb of fire]
 55987 | Zot:2    | Gained mutation: Your spells are a little harder to cast,
                  | but a little more powerful. [an orb of fire]
 55990 | Zot:2    | Killed an orb of fire
 56741 | Zot:4    | Noticed a Killer Klown
 56766 | Zot:3    | Killed a Killer Klown
 56966 | Zot:3    | Noticed a Killer Klown
 56973 | Zot:3    | Noticed a Killer Klown
 56979 | Zot:3    | Noticed a Killer Klown
 56980 | Zot:3    | Killed a Killer Klown
 56984 | Zot:3    | Killed a Killer Klown
 56996 | Zot:3    | Killed a Killer Klown
 57007 | Zot:3    | Noticed a Killer Klown
 57020 | Zot:3    | Killed a Killer Klown
 57068 | Zot:3    | Reached XP level 26. HP: 132/176 MP: 36/36
 57460 | Zot:5    | Entered Level 5 of the Realm of Zot
 58087 | Zot:5    | Noticed an ancient lich
 58093 | Zot:5    | Killed an ancient lich
 59337 | Zot:5    | Noticed a Killer Klown
 59354 | Zot:5    | Killed a Killer Klown
 59359 | Zot:5    | Noticed an orb of fire
 59369 | Zot:5    | Noticed an orb of fire
 59369 | Zot:5    | Gained mutation: Your flesh is heat resistant. (rF+) [an
                  | orb of fire]
 59371 | Zot:5    | Gained mutation: Your magical capacity is low. (-10% MP)
                  | [an orb of fire]
 59374 | Zot:5    | Gained mutation: You are clumsy. (Dex -2) [an orb of fire]
 59387 | Zot:5    | Gained mutation: You are dopey. (Int -2) [an orb of fire]
 59390 | Zot:5    | Killed an orb of fire
 59399 | Zot:5    | Killed an orb of fire
 59482 | Zot:5    | Lost mutation: Your flesh is heat resistant. (rF+) [potion
                  | of mutation]
 59482 | Zot:5    | Lost mutation: Armour fits poorly on your strangely shaped
                  | body. [potion of mutation]
 59482 | Zot:5    | Lost mutation: You are clumsy. (Dex -2) [potion of
                  | mutation]
 59482 | Zot:5    | Lost mutation: Your magical capacity is low. (-10% MP)
                  | [potion of mutation]
 59482 | Zot:5    | Gained mutation: Your flesh is cold resistant. (rC+)
                  | [potion of mutation]
 60131 | Zot:5    | Noticed a Killer Klown
 60146 | Zot:5    | Killed a Killer Klown
 60776 | Zot:5    | Noticed an orb of fire
 60788 | Zot:5    | Killed an orb of fire
 61617 | Zot:5    | Noticed a Killer Klown
 61772 | Zot:5    | Noticed an ancient lich
 61785 | Zot:5    | Killed an ancient lich
 61797 | Zot:5    | Killed a Killer Klown
 64112 | Zot:5    | Noticed an ancient lich
 64123 | Zot:5    | Killed an ancient lich
 70532 | Zot:5    | Noticed a dread lich
 70537 | Zot:5    | Noticed a dread lich
 70548 | Zot:5    | Paralysed by a dread lich for 4 turns
 70554 | Zot:5    | Paralysed by something for 3 turns
 70558 | Zot:5    | Killed a dread lich
 70561 | Zot:5    | Killed a dread lich
 71868 | Zot:5    | Noticed an orb of fire
 71871 | Zot:5    | Gained mutation: You are occasionally teleported next to
                  | monsters. [an orb of fire]
 71877 | Zot:5    | Noticed a dread lich
 71879 | Zot:5    | Got the Orb of Zot
 71967 | Zot:1    | Noticed Coohe the pandemonium lord
 71977 | Zot:1    | Gained mutation: You sometimes lose your temper in combat.
                  | [a neqoxec]
 72236 | D:12     | Noticed Eshuremm the pandemonium lord
 72238 | D:11     | Lost mutation: Your flesh is cold resistant. (rC+) [potion
                  | of mutation]
 72238 | D:11     | Lost mutation: You are occasionally teleported next to
                  | monsters. [potion of mutation]
 72238 | D:11     | Gained mutation: You have sharp fingernails. [potion of
                  | mutation]
 72238 | D:11     | Gained mutation: You have sharp toenails. [potion of
                  | mutation]
 72238 | D:11     | Gained mutation: Your muscles are strong. (Str +4, Int/Dex
                  | -1) [potion of mutation]
 72239 | D:11     | Lost mutation: You have sharp toenails. [potion of
                  | mutation]
 72239 | D:11     | Lost mutation: You have sharp fingernails. [potion of
                  | mutation]
 72239 | D:11     | Gained mutation: Your magical capacity is low. (-10% MP)
                  | [potion of mutation]
 72239 | D:11     | Gained mutation: You are strong-willed. (Will+) [potion of
                  | mutation]
 72240 | D:11     | Lost mutation: Your spells are a little harder to cast, but
                  | a little more powerful. [potion of mutation]
 72240 | D:11     | Lost mutation: You are strong-willed. (Will+) [potion of
                  | mutation]
 72240 | D:11     | Gained mutation: You have a pair of small horns on your
                  | head. [potion of mutation]
 72240 | D:11     | Gained mutation: You are vulnerable to cold. (rC-) [potion
                  | of mutation]
 72240 | D:11     | Gained mutation: You have hidden genetic potential. [potion
                  | of mutation]
 72241 | D:11     | Lost mutation: Your muscles are strong. (Str +4, Int/Dex
                  | -1) [potion of mutation]
 72241 | D:11     | Lost mutation: You have a pair of small horns on your head.
                  | [potion of mutation]
 72241 | D:11     | Lost mutation: You sometimes lose your temper in combat.
                  | [potion of mutation]
 72241 | D:11     | Gained mutation: Your flesh is heat resistant. (rF+)
                  | [potion of mutation]
 72595 | D:1      | Noticed Qast the pandemonium lord
 72607 | D:$      | Escaped with the Orb!

Illustrated notes

Levels and vault maps discovered:
D:1:      evilmike_arrival_crescent, layout_loops_cross, minmay_lizard_pond
D:2:      layout_loops_cross, serial_shops, nicolae_shop_industrial_runoff,
          nicolae_shop_bloodbath_and_beyond, nicolae_shop_advertising_works
          [nicolae_subvault_shop_adworks], ebering_ecumenical_altar_sacrificial,
          hangedman_abyss_or_decor_stabs, st_stairs_2
D:3:      layout_loops_ring, lightli_sewer_entry_pipes, amcnicky_mini_pool_small
D:4:      layout_rooms, nicolae_qazlal_eye_of_the_storm,
          mainiacjoe_overflow_boulevard, minmay_shop_mass, uniq_blork_the_orc
D:5:      layout_rooms, nicolae_uskayaw_en_pointe,
          lemuel_zombie_altar_kikubaaqudgha, old_standard_altar, serial_shops,
          nicolae_shop_rolling_square, nicolae_shop_real_fake_doors,
          minmay_misc_feat_chi
D:6:      layout_loops_cross, uniq_prince_ribbit1, uniq_grinder
D:7:      layout_basic, grunt_gozag_breadcrumbs,
          minmay_temple_entry_drinking_statues
D:8:      gammafunk_boulding_lane, layout_basic, yredelemnul_altar_generic,
          erik_lair_dragon, nicolae_figureground_pulse, uniq_joseph, uniq_maggie
D:9:      minmay_cornered_nines, layout_irregular_city,
          grunt_temple_overflow_order_and_chaos_2,
          kennysheep_orc_monster_closet_entryway, nicolae_water_bricks,
          minmay_misc_feat_nine_boxes, eino_house_with_fridge, uniq_psyche
D:10:     layout_long_grid, minivault_24, minmay_between
D:11:     layout_basic, uniq_maurice
D:12:     layout_basic, portal_ice_cave_demonic_guard, enter_trove_3,
          serial_corexii_hall, corexii_hall_statues_i, corexii_hall_statues_i,
          corexii_hall_statues_s, uniq_nessos
D:13:     minmay_the_grid_square_5x5_4x4_mashed [minmay_the_grid_square_5x5_c,
          minmay_the_grid_square_5x5_trominoes,
          minmay_the_grid_square_5x5_broken_cross, minmay_the_grid_square_5x5_z,
          minmay_the_grid_square_5x5_tetrominoes,
          minmay_the_grid_square_5x5_prize_monsterx,
          minmay_the_grid_square_5x5_prize_waves,
          minmay_the_grid_square_5x5_empty,
          minmay_the_grid_square_5x5_two_small,
          minmay_the_grid_square_5x5_prize_gold,
          minmay_the_grid_square_5x5_prize_deathbox,
          minmay_the_grid_square_5x5_meh,
          minmay_the_grid_square_5x5_checkered_sparse,
          minmay_the_grid_square_5x5_hollow_slash,
          minmay_the_grid_square_5x5_mess,
          minmay_the_grid_square_5x5_checkered], layout_irregular_city,
          serial_demonic, serial_demonic_b, serial_demonic_d, serial_demonic_f,
          serial_demonic_e
D:14:     layout_grid_maze, david_vaults_3, nicolae_tso_swordbearing_angel
D:15:     hellmonk_depths_entry_around_the_bend, layout_cave_pods,
          nicolae_figureground_sparkle, uniq_kirke, uniq_josephine
Lair:1:   layout_chaotic_city, st_stairs_8
Lair:2:   layout_chaotic_city, nicolae_spider_entry_orb_guardian, uniq_nergalle
Lair:3:   layout_loops_ring, nicolae_swamp_entry_splash_gauntlet,
          pdpol_lair_cabin_in_the_woods
Lair:4:   layout_loops_ring, enter_volcano_2, wad_woods_02
Lair:5:   due_jungle_book, layout_regular_city, slime_entry_1,
          gammafunk_ghost_abyssal_escape, guppyfry_lair_drakes
Swamp:1:  layout_basic_swamp, nicolae_swamp_little_swirl
Swamp:2:  nicolae_swamp_decorative_isthmus, layout_basic_swamp,
          hangedman_swamp_ruin_wall, swamp_pool5
Swamp:3:  nicolae_swamp_phyte_club, layout_basic_swamp,
          gammafunk_ghost_cemetery, evilmike_swamp_ruin_wall
Swamp:4:  swamp_basic_johnstein, layout_basic_swamp,
          nicolae_swamp_feature_on_the_river_bank
Spider:1: layout_spider_delve
Spider:2: layout_spider_delve, drop_trap, uniq_arachne
Spider:3: layout_spider_delve, hellmonk_motheaten_closet
Spider:4: guppyfry_spider_rune, special_room [special_room_bee],
          beargit_elvish_explorers
Orc:1:    layout_diamond_mine, nicolae_orc_lava_tube
Orc:2:    st_orc_congregation, layout_caves, uniq_saint_roka
Elf:1:    elf_arrival_002, layout_gridlike, minmay_elf_demonology,
          nicolae_shop_i_like_small_books_too, nicolae_elf_archery_training,
          uniq_roxanne, uniq_azrael
Vaults:1: nicolae_vaults_disjoint_gnomons, v_misc_1,
          nicolae_vaults_weapon_check, v_misc_8, kennysheep_vaults_gozag_temple,
          v_misc_33, nicolae_vaults_shrinking_rooms_1, ontoclasm_vaults_bender,
          vaults_room_door_ring, hangedman_vaults_corner, vaults_room_pools,
          v_misc_14, ontoclasm_vaults_ring_square,
          nicolae_vaults_trapezoid_lopsided_3, layout_vaults_maze_bifur
Vaults:2: nicolae_vaults_shock_wave, hangedman_vaults_cutoff,
          nicolae_vaults_twisting_passages, nicolae_vaults_sesquioval_fish,
          vaults_room_stairs_pillars, nicolae_vaults_network_quinsquares
          [nicolae_vaults_network_quincunx_subvault,
          nicolae_vaults_network_quincunx_subvault,
          nicolae_vaults_network_quincunx_subvault,
          nicolae_vaults_network_quincunx_subvault], vaults_mumra_chevron_long,
          nicolae_vaults_windows_and_doors_thing, v_misc_19,
          nicolae_vaults_little_squares_6, grunt_vaults_focal,
          layout_vaults_ring, uniq_margery
Vaults:3: nicolae_vaults_offset_grid_hallway_1,
          minmay_crypt_entry_skeletal_spiral, v_pattern_5,
          ontoclasm_vaults_fault, ontoclasm_vaults_decontamination,
          nicolae_vaults_frosty_reception, vaults_dpeg_hooks,
          nicolae_vaults_security_offices_4, vaults_dpeg_ring,
          nicolae_vaults_mini_display_case, layout_vaults_omnigrid,
          serial_shops, nicolae_shop_waterfront, nicolae_square_shop, shop
Vaults:4: nicolae_vaults_branching_niches, vaults_dpeg_diagonal, v_rooms_6,
          v_alt_pattern_2, v_misc_27, vaults_room_semicircle,
          nicolae_vaults_tetromino_L_1, nicolae_vaults_specimen_jars,
          v_alt_pattern_1, ontoclasm_vaults_idyll,
          ontoclasm_vaults_claustrophobia, nicolae_vaults_wine_cellar,
          vaults_dpeg_encased_lava, nicolae_vaults_storage_room_glass,
          nicolae_vaults_taking_the_gang_shopping, layout_vaults_big_cross
Vaults:5: serial_shops
Crypt:1:  layout_misc_corridors, minivault_5
Crypt:2:  lemuel_vampire_tower, layout_regular_city
Depths:1: layout_honeycomb, ziggurat_fallback,
          ploomutoo_gammafunk_ghost_potion_laboratory, rand_demon_pan_entry_3,
          lemuel_statue_altar, hell_entry, minmay_hedge_maze, chei_slow_surprise
Depths:2: kennysheep_blocky_room, layout_gridville, hell_entry,
          nicolae_benzene_ring, pan_entry, grunt_decor_junction,
          nicolae_burly_brawl, minmay_staircase_bubble
Depths:3: nicolae_moon_pools, layout_honeycomb, abyss_entry_crystal,
          serial_rivers, chequers_serial_rivers_micro_b,
          chequers_serial_rivers_micro_c, chequers_serial_rivers_small_3,
          chequers_serial_rivers_large_a, chequers_serial_rivers_micro_c,
          hell_entry, serial_shops, bzr_entry_dummy
Depths:4: grunt_zot_entry_gee_three, layout_cave_pools, grunt_metal_band,
          minmay_fractal_squares_gapless_7, uniq_enchantress, uniq_mennas,
          uniq_josephina, uniq_parghit
Zot:1:    layout_cathedral_of_symmetry
Zot:2:    layout_basic, st_stairs_9, lemuel_flame_loot_1
Zot:3:    dreamdust_zin_vs_xom, layout_concentric_octagons
Zot:4:    layout_twisted_circle, grunt_ministairs_4, grunt_megastairs_4, uniq_vv
Zot:5:    layout_onion

Skill      XL: |  1  2  3  4  5  6  7  8  9 10 11 12 13 14 15 16 17 18 19 20 21 22 23 24 25 26 |
---------------+-------------------------------------------------------------------------------+-----
Shapeshifting  | 3 4 6 |  6.0
Fighting       | 3 4 5 7 9 11 12 15 16 17 18 19 21 22 | 22.0
Armour         | 2 3 5 6 8 9 11 12 14 15 16 17 19 20 | 20.3
Unarmed Combat | 4 5 7 8 9 10 12 16 17 19 20 23 | 23.8
Invocations    | 3 9 11 13 14 16 18 | 18.0
Evocations     | 3 6 7 10 | 10.0
Dodging        | 4 6 7 8 9 10 11 | 11.0
Shields        | 9 10 11 14 16 17 18 19 20 | 20.3
Stealth        | 1 5 |  5.0

Action                     |  1- 3 |  4- 6 |  7- 9 | 10-12 | 13-15 | 16-18 | 19-21 | 22-24 | 25-27 || total
---------------------------+-------+-------+-------+-------+-------+-------+-------+-------+-------++-------
  Melee: Unarmed           |    94 |   184 |   342 |   574 |   835 |  1387 |  1860 |  1554 |   736 ||  7566
         Punch             |     1 |     6 |     3 |       |       |       |       |       |       ||    10
 Invoke: Upheaval          |       |       |       |     2 |     4 |    23 |    14 |    15 |     2 ||    60
         Elemental Force   |       |       |       |       |     2 |     5 |       |     2 |     2 ||    11
         Disaster Area     |       |       |       |       |       |     3 |     3 |     5 |     2 ||    13
  Evoke: Wand              |       |       |       |     6 |     5 |     4 |     8 |    54 |    41 ||   118
         Phantom mirror    |       |       |       |       |       |     1 |       |     2 |     1 ||     4
         Tin of tremorston |       |       |       |       |       |     2 |     2 |     6 |       ||    10
         Lightning rod     |       |       |       |       |       |       |     7 |    11 |     4 ||    22
         Phial of floods   |       |       |       |       |       |       |     1 |     2 |     1 ||     4
    Use: Scroll            |     1 |     1 |     4 |     7 |     4 |    10 |     4 |    18 |    21 ||    70
         Potion            |       |     2 |     1 |     1 |     1 |     1 |     3 |    20 |    27 ||    56
   Stab: Paralysed         |       |       |       |       |     7 |     1 |       |     2 |     1 ||    11
         Distracted        |       |       |       |       |       |     1 |       |       |     3 ||     4
         Petrified         |       |       |       |       |       |       |     4 |       |       ||     4
         Betrayed ally     |       |       |       |       |       |       |       |       |     2 ||     2
 Armour: Animal skin       |    17 |       |       |       |       |       |       |       |       ||    17
         Ring mail         |    18 |    63 |    14 |       |       |       |       |       |       ||    95
         Skin              |       |     1 |     9 |       |       |       |       |       |       ||    10
         Chain mail        |       |       |   168 |   384 |   449 |   760 |   842 |   397 |       ||  3000
         Shadow dragon sca |       |       |       |       |       |       |       |   247 |    24 ||   271
         Gold dragon scale |       |       |       |       |       |       |       |       |   391 ||   391
  Dodge: Dodged            |    44 |   113 |   130 |   203 |   273 |   493 |   534 |   518 |   180 ||  2488
         Repelled          |       |       |       |     1 |     6 |    23 |     7 |    22 |    18 ||    77
  Block: Other             |       |    20 |    60 |   161 |   266 |   190 |       |       |       ||   697
         Kite shield       |       |       |       |       |       |   860 |  1737 |  1441 |    43 ||  4081
         Tower shield      |       |       |       |       |       |       |       |       |   712 ||   712
   Form: Beast             |     1 |       |     1 |       |       |       |       |       |       ||     2
         Flux              |     1 |       |     1 |       |       |       |       |       |       ||     2
                           |       |       |     1 |       |       |     1 |       |       |       ||     2

Table legend: (Time is in decaauts)
 A = Elapsed time spent in this place.
 B = Non-inter-level travel time spent in this place.
 C = Inter-level travel time spent in this place.
 D = Time resting spent in this place.
 E = Time spent auto-exploring this place.
 F = Levels seen in this place.
 G = Mean time per level.
                   A        B        C        D        E       F      G
               +--------+--------+--------+--------+--------+-----+--------+
         Total |  70878 |  64942 |   5936 |  21270 |  31148 |  51 | 1389.8 |
       Dungeon |  16562 |  13117 |   3445 |    936 |   9497 |  15 | 1104.1 |
          Lair |   6334 |   5800 |    534 |    547 |   4061 |   5 | 1266.8 |
         Swamp |   4708 |   4541 |    167 |   1213 |   2451 |   4 | 1177.0 |
   Spider Nest |   4821 |   4658 |    163 |   1310 |   2334 |   4 | 1205.2 |
  Orcish Mines |   2211 |   1992 |    219 |    860 |    738 |   2 | 1105.5 |
   Elven Halls |    109 |     99 |     10 |      0 |     21 |   1 |  109.0 |
        Vaults |   9813 |   8911 |    902 |    946 |   5816 |   5 | 1962.6 |
         Crypt |   2900 |   2818 |     82 |    282 |   1843 |   2 | 1450.0 |
        Depths |   5101 |   4720 |    381 |    596 |   3014 |   4 | 1275.2 |
           Zot |  16356 |  16327 |     29 |  14497 |    270 |   5 | 3271.2 |
        Bazaar |     99 |     99 |      0 |      0 |     34 |   1 |   99.0 |
         Sewer |    379 |    379 |      0 |      0 |    122 |   1 |  379.0 |
      Ice Cave |    613 |    613 |      0 |      0 |    424 |   1 |  613.0 |
       Volcano |    866 |    866 |      0 |     81 |    522 |   1 |  866.0 |
               +--------+--------+--------+--------+--------+-----+--------+

Top non-repeatable levels by time:
   Zot:5: 14125 daAuts
Vaults:4: 2609 daAuts
Vaults:3: 1987 daAuts
  Lair:5: 1962 daAuts
     D:8: 1889 daAuts
Vaults:2: 1838 daAuts
Vaults:1: 1807 daAuts
Depths:4: 1745 daAuts
 Swamp:3: 1698 daAuts
 Crypt:1: 1668 daAuts
Vaults:5: 1569 daAuts
   Orc:2: 1480 daAuts
     D:9: 1450 daAuts
Depths:2: 1356 daAuts
Spider:4: 1354 daAuts
